 Dungeon Crawl Stone Soup version 0.29.1-15-g9cfb28693d (webtiles) character file.

Game seed: 11532661291043172132

73945 DocClef the Blocker (level 15, -1/108 HPs)
             Began as a Gnoll Fighter on Mar 7, 2023.
             Was the Champion of Hepliaklqana.
             Killed by an exploding death yak (16 damage)
             ... ignited by their inner flame
             ... on level 3 of the Lair of Beasts.
             The game lasted 00:30:30 (18072 turns).

DocClef the Blocker (Gnoll Fighter)                Turns: 18072, Time: 00:30:30

Health: -1/108     AC: 12    Str: 17    XL:     15   Next: 45%
Magic:  28/28      EV: 17    Int:  8    God:    Hepliaklqana [******]
Gold:   579        SH:  0    Dex: 17    Spells: 33/33 levels left

rFire   + . .      SeeInvis +   l - +12 pair of quick blades "Gyre" and "Gimble" {protect}
rCold   . . .      Faith    .   (shield currently unavailable)
rNeg    . . .      Spirit   .   Q - +0 troll leather armour
rPois   +          Reflect  .   (no helmet)
rElec   .          Harm     .   A - +0 cloak {rPois}
rCorr   .          Rampage  .   S - +2 pair of gloves {infuse}
Will    .....                   C - +0 pair of boots
Stlth   +++.......              (no amulet)
HPRegen 1.08/turn               n - ring of protection from fire
MPRegen 0.21/turn               v - ring of see invisible

@: silenced, weak-willed
A: reduced essence, fangs 1, strong nose, distributed training
a: Renounce Religion


You were on level 3 of the Lair of Beasts.
You worshipped Hepliaklqana.
Hepliaklqana was exalted by your worship.
You visited 4 branches of the dungeon, and saw 17 of its levels.

You collected 1050 gold pieces.
You spent 471 gold pieces at shops.

Inventory:

Hand Weapons
 l - the +12 pair of quick blades "Gyre" and "Gimble" (weapon) {protect}
   (You found it on level 7 of the Dungeon)

   It grants its wielder temporary protection when it strikes (+7 to AC).
 x - a +2 hand axe of flaming
 M - the +10 hand axe "Weubiqil" {vamp, rPois}
   (You found it on level 8 of the Dungeon)

   It occasionally heals its wielder for a portion of the damage dealt when it
   wounds a living foe.
   rPois:     It protects you from poison.
 P - a +3 scimitar of flaming
Missiles
 L - 2 throwing nets (quivered)
Armour
 c - a +0 buckler
 A - a +0 cloak of poison resistance (worn)
 C - a +0 pair of boots (worn)
 Q - a +0 troll leather armour (worn)
 S - a +2 pair of gloves of infusion (worn)
Jewellery
 g - a +4 ring of evasion
 n - a ring of protection from fire (left hand)
 v - a ring of see invisible (right hand)
 Y - a ring of positive energy
Wands
 b - a wand of flame (40)
 w - a wand of roots (4)
 G - a wand of paralysis (24)
 I - a wand of digging (6)
 T - a wand of mindburst (4)
 Z - a wand of acid (7)
Scrolls
 e - 3 scrolls of amnesia
 f - 7 scrolls of enchant armour
 j - 2 scrolls of teleportation
 k - 3 scrolls of fog
 m - 4 scrolls of vulnerability
 o - 3 scrolls of poison
 p - 7 scrolls of identify
 r - 6 scrolls of fear
 s - 2 scrolls of blinking
 E - 4 scrolls of enchant weapon
 N - a scroll of noise
 W - a scroll of acquirement {unknown}
Potions
 a - a potion of resistance
 d - 3 potions of might
 h - 3 potions of attraction
 i - 10 potions of curing
 q - 3 potions of degeneration
 t - a potion of mutation
 u - 3 potions of brilliance
 z - 2 potions of magic
 B - a potion of invisibility
 F - 2 potions of haste
 H - 2 potions of heal wounds
 J - 3 potions of lignification
 K - 2 potions of ambrosia
 R - 2 potions of flight


   Skills:
 + Level 11.8 Fighting
 + Level 9.8 Short Blades
 + Level 9.8 Long Blades
 + Level 10.9 Axes
 + Level 9.8 Maces & Flails
 + Level 9.8 Polearms
 + Level 9.8 Staves
 + Level 9.8 Ranged Weapons
 + Level 9.8 Throwing
 + Level 11.8 Armour
 + Level 9.8 Dodging
 + Level 9.8 Stealth
 + Level 11.8 Shields
 + Level 9.8 Unarmed Combat
 + Level 9.8 Spellcasting
 + Level 8.2 Conjurations
 + Level 8.2 Hexes
 + Level 8.2 Summonings
 + Level 8.2 Necromancy
 + Level 8.2 Translocations
 + Level 8.2 Transmutations
 + Level 8.2 Fire Magic
 + Level 8.2 Ice Magic
 + Level 8.2 Air Magic
 + Level 8.2 Earth Magic
 + Level 8.2 Poison Magic
 + Level 10.7 Invocations
 + Level 9.8 Evocations


You had 33 spell levels left.
You didn't know any spells.
Your spell library contained the following spells:

 Spells                   Type           Power      Damage    Failure   Level
 Scorch                   Fire           34%        2d6       1%          2
 Conjure Flame            Conj/Fire      17%        6-21      1%          3
 Ignite Poison            Fire/Tmut/Pois 17%        N/A       1%          3
 Inner Flame              Hex/Fire       17%        N/A       1%          3
 Cause Fear               Hex            8%         N/A       6%          4
 Flame Wave               Conj/Fire      17%        2d7       6%          4
 Leda's Liquefaction      Hex/Erth       8%         N/A       6%          4
 Passage of Golubria      Tloc           17%        N/A       6%          4
 Sticky Flame             Conj/Fire      17%        2d4       6%          4
 Summon Lightning Spire   Summ/Air       17%        N/A       6%          4
 Freezing Cloud           Conj/Ice/Air   8%         6-21      17%         5
 Iskenderun's Battlesphe  Conj           17%        2d7       17%         5
 Lee's Rapid Deconstruct  Erth           8%         3d8*      17%         5
 Iron Shot                Conj/Erth      8%         9d3       67%         6
 Simulacrum               Ice/Necr       8%         N/A       67%         6
 Statue Form              Tmut/Erth      11%        N/A       67%         6
 Summon Cactus Giant      Summ           8%         N/A       67%         6
 Spellforged Servitor     Conj/Summ      8%         N/A       99%         7
 Discord                  Hex            8%         N/A       100%        8
 Dragon's Call            Summ           8%         N/A       100%        9
 Polar Vortex             Ice            8%         N/A       100%        9


Dungeon Overview and Level Annotations

Branches:
Dungeon (10/15)            Temple (1/1) D:5            Lair (5/5) D:9
 Shoals (1/4) Lair:2       Spider (0/4) Lair:2        Slime (0/5) Lair:4
    Orc (0/2) D:10

Altars:
Ashenzari
Cheibriados
Dithmenos
Elyvilon
Fedhas
Gozag
Hepliaklqana
Kikubaaqudgha
Makhleb
Nemelex Xobeh
Okawaru
Qazlal
Ru
Sif Muna
Trog
Uskayaw
Vehumet
Wu Jian
Xom
Yredelemnul
Zin
The Shining One
Jiyva
Lugonu

Shops:
D:7 *   D:10 [


Innate Abilities, Weirdness & Mutations

Your life essence is reduced to manifest your ancestor. (-10% HP)
You have very sharp teeth.
Your uncanny sense of smell can sniff out nearby items.
Your experience applies equally to all skills.


Message History

Your death yak's corpse dissolves into shadows!
The fiery explosion engulfs your death yak!!!
Your death yak's corpse dissolves into shadows!
The fiery explosion engulfs your death yak!!
Flame seeps out of your death yak.
Your death yak is almost dead.
The fiery explosion engulfs your elephant!!!
Your elephant's corpse dissolves into shadows!
The fiery explosion engulfs the plant!!
The plant begins to die.
The plant is lightly damaged.
The fiery explosion engulfs the bush!!!!
The bush is on fire!
The bush is severely damaged.
Your elephant explodes!
The fiery explosion engulfs your elephant!!
Flame seeps out of your elephant.
Your elephant is almost dead.
The fiery explosion engulfs you!! You resist.
The fiery explosion engulfs your death yak!!!
Your death yak's corpse dissolves into shadows!
The fiery explosion engulfs your death yak!!
Your death yak's corpse dissolves into shadows!
The fiery explosion engulfs your elephant!!!
Your elephant's corpse dissolves into shadows!
The fiery explosion engulfs your death yak!!!
Your death yak's corpse dissolves into shadows!
Your death yak explodes!
The fiery explosion engulfs you. You resist.
The fiery explosion engulfs your death yak!!!
Your death yak's corpse dissolves into shadows!
Your death yak explodes!
Your elephant explodes!
The fiery explosion engulfs you! You resist.
The fiery explosion engulfs your elephant!!
Your elephant's corpse dissolves into shadows!
Your elephant explodes!
The fiery explosion engulfs you!! You resist.
* * * LOW HITPOINT WARNING * * *
Your death yak explodes!
The fiery explosion engulfs you! You resist.
You die...

..................# ##........
......P.#°○#§○○☼○P# #P........
.#.#.....○§.☼§§§☼#######.....P...
.........P☼§§§○☼☼###§P☼#......#.+
........PP.#§°☼○§°°§☼§§☼.........
......#..P##°§§§°○°§°§§°.........
..<........§§○§§§○§○°☼§☼.........
.......#.#####§§§○○§§○#☼.........
#.#+....## #§§@§☼§○§§○.#...##.#
....#...# ##○§§○°P§§○§.P...##.#
....#..## ##§§☼°§°P☼°☼○......###
....#...# #§○§§○○☼☼§○°§......#
........# ##§§§§§☼§§.☼§.#...####
.......## #§☼§○§§§#☼##......#.#
....#...# ###☼○§☼§§§§§☼§.......##
§§..#...###.#§☼§§§☼☼☼§§§.........
§R#+#....................).......


There were no monsters in sight!

Vanquished Creatures
  Kirke (Lair:4)
  2 fire dragons
  2 boulder beetles
  5 hydras
  4 two-headed ogres
  A death yak (Lair:4)
  Erica (D:8)
  Urug (Lair:4)
  A wolf spider (Lair:5)
  A cyclops (D:8)
  8 black mambas
  11 elephants
  A guardian serpent (Lair:5)
  A torpor snail (Lair:4)
  15 cane toads
  3 rime drakes
  8 komodo dragons
  A troll (D:10)
  3 hornets (Lair:5)
  Grinder (D:3)
  2 polar bears
  2 dream sheep (Lair:5)
  10 blink frogs
  A snapping turtle (Lair:2)
  A slime creature (Lair:4)
  18 yaks
  A spriggan (D:7)
  12 wyverns
  3 hogs (Lair:4)
  4 basilisks
  3 redbacks
  2 vampire mosquitoes (D:10)
  A steam dragon (D:8)
  4 acid dragons
  16 water moccasins
  An orc warrior (D:9)
  A swamp drake (Lair:5)
  3 black bears
  4 wolves (Lair:1)
  2 ogres
  2 centaurs
  A phantom (D:6)
  Blork the orc (D:4)
  8 bullfrogs
  A kobold brigand (D:9)
  A gnoll sergeant (D:9)
  3 necrophages
  3 wights (D:8)
  6 killer bees
  An electric eel (Lair:2)
  5 jellies
  A gnoll bouda (D:9)
  An orc priest (D:9)
  Crazy Yiuf (D:3)
  Jessica (D:3)
  3 iguanas
  Ijyb (D:3)
  3 hell rats (Lair:4)
  7 orc wizards
  Terence (D:2)
  10 gnolls
  9 adders
  A shadow imp (D:6)
  An ufetubus (D:5)
  3 dart slugs
  22 orcs
  3 ball pythons
  2 endoplasms
  A giant cockroach (D:3)
  2 goblins
  6 hobgoblins
  6 jackals
  8 kobolds
  7 quokkas
  6 bats
  3 frilled lizards
  3 rats
306 creatures vanquished.

Vanquished Creatures (collateral kills)
  A swamp dragon (Lair:5)
  4 elephants
  Maurice (D:8)
  A black mamba (Lair:5)
  A cane toad (Lair:5)
  Psyche (D:8)
  A rime drake (Lair:5)
  2 blink frogs
  2 dream sheep (Lair:5)
  A wyvern (Lair:5)
  6 yaks
  4 basilisks
  A steam dragon (D:7)
  Menkaure (D:7)
  An acid dragon (D:8)
  2 water moccasins
  An ice beast (D:7)
  A sky beast (D:7)
  A wolf (Lair:1)
  An ogre (D:7)
  3 bullfrogs
  A kobold brigand (D:7)
  2 killer bees
  A hound (D:7)
  3 orc priests
  2 iguanas (Lair:5)
  4 orc wizards (D:7)
  A hell rat (Lair:4)
  9 orcs
  2 kobolds
62 creatures vanquished.

Vanquished Creatures (others)
  4 battlemagi
  A shadow imp (D:7)
  38 fungi
  64 plants
107 creatures vanquished.

Grand Total: 475 creatures vanquished

Notes
Turn   | Place    | Note
-------+----------+-------------------------------------------
     0 | D:1      | DocClef the Gnoll Fighter began the quest for the Orb.
     0 | D:1      | Reached XP level 1. HP: 23/23 MP: 1/1
   431 | D:1      | Reached XP level 2. HP: 28/29 MP: 2/2
  1070 | D:2      | Reached XP level 3. HP: 34/35 MP: 3/3
  1079 | D:2      | Reached skill level 1 in Invocations
  1125 | D:2      | Reached skill level 1 in Short Blades
  1125 | D:2      | Reached skill level 1 in Long Blades
  1125 | D:2      | Reached skill level 1 in Maces & Flails
  1125 | D:2      | Reached skill level 1 in Polearms
  1125 | D:2      | Reached skill level 1 in Staves
  1125 | D:2      | Reached skill level 1 in Ranged Weapons
  1125 | D:2      | Reached skill level 1 in Throwing
  1125 | D:2      | Reached skill level 1 in Dodging
  1125 | D:2      | Reached skill level 1 in Stealth
  1125 | D:2      | Reached skill level 1 in Unarmed Combat
  1125 | D:2      | Reached skill level 1 in Spellcasting
  1125 | D:2      | Reached skill level 1 in Evocations
  1130 | D:2      | Reached XP level 4. HP: 31/41 MP: 5/5
  1269 | D:2      | Noticed Terence
  1277 | D:2      | Killed Terence
  1278 | D:2      | Reached skill level 1 in Conjurations
  1278 | D:2      | Reached skill level 1 in Hexes
  1278 | D:2      | Reached skill level 1 in Summonings
  1278 | D:2      | Reached skill level 1 in Necromancy
  1278 | D:2      | Reached skill level 1 in Translocations
  1278 | D:2      | Reached skill level 1 in Transmutations
  1278 | D:2      | Reached skill level 1 in Fire Magic
  1278 | D:2      | Reached skill level 1 in Ice Magic
  1278 | D:2      | Reached skill level 1 in Air Magic
  1278 | D:2      | Reached skill level 1 in Earth Magic
  1278 | D:2      | Reached skill level 1 in Poison Magic
  1652 | D:2      | Found a faded altar of an unknown god.
  1744 | D:3      | Reached XP level 5. HP: 47/47 MP: 5/7
  2017 | D:3      | Noticed Ijyb
  2028 | D:3      | Killed Ijyb
  2174 | D:3      | Noticed Jessica
  2177 | D:3      | Killed Jessica
  2675 | D:3      | Noticed an ogre
  2688 | D:3      | Killed an ogre
  2689 | D:3      | Reached skill level 5 in Axes
  2689 | D:3      | Reached XP level 6. HP: 35/53 MP: 7/9
  2807 | D:3      | Noticed Grinder
  2818 | D:3      | Killed Grinder
  2819 | D:3      | Reached XP level 7. HP: 59/60 MP: 10/10
  2984 | D:3      | Found a runed translucent door.
  2985 | D:3      | Noticed Crazy Yiuf
  2991 | D:3      | Killed Crazy Yiuf
  3527 | D:4      | Noticed Blork the orc
  3554 | D:4      | Killed Blork the orc
  4073 | D:5      | Entered Level 5 of the Dungeon
  4222 | D:5      | Reached XP level 8. HP: 62/67 MP: 12/12
  4295 | D:5      | Found a staircase to the Ecumenical Temple.
  4305 | Temple   | Entered the Ecumenical Temple
  4342 | Temple   | Became a worshipper of Hepliaklqana the Forgotten
  4460 | D:5      | Found a glowing golden altar of the Shining One.
  4465 | D:5      | Found a bloodstained altar of Trog.
  4466 | D:5      | Found an ornate altar of the Wu Jian Council.
  4467 | D:5      | Found a radiant altar of Vehumet.
  4467 | D:5      | Found a broken altar of Ashenzari.
  4467 | D:5      | Found a sparkling altar of Nemelex Xobeh.
  4468 | D:5      | Found a hide-covered altar of Uskayaw.
  4469 | D:5      | Found an iron altar of Okawaru.
  4470 | D:5      | Found a shimmering blue altar of Sif Muna.
  4471 | D:5      | Found a sacrificial altar of Ru.
  4473 | D:5      | Found a burning altar of Makhleb.
  4763 | D:6      | Noticed a two-headed ogre
  4771 | D:6      | Killed a two-headed ogre
  5139 | D:6      | Reached * piety under Hepliaklqana
  5277 | D:6      | Reached XP level 9. HP: 54/65 MP: 13/15
  5847 | D:7      | Found Oczups's General Store.
  5852 | D:7      | Bought a potion of curing for 42 gold pieces
  5852 | D:7      | Bought a potion of lignification for 42 gold pieces
  5852 | D:7      | Bought a potion of ambrosia for 112 gold pieces
  5852 | D:7      | Bought a scroll of identify for 28 gold pieces
  5863 | D:7      | Reached ** piety under Hepliaklqana
  5864 | D:7      | Remembered your ancestor Enheduana as a battlemage
  6046 | D:7      | Noticed Menkaure
  6056 | D:7      | Killed Menkaure
  6237 | D:7      | Reached skill level 5 in Invocations
  6768 | D:7      | Noticed a two-headed ogre
  6768 | D:7      | Noticed a two-headed ogre
  6803 | D:7      | Killed a two-headed ogre
  6804 | D:7      | Reached skill level 5 in Short Blades
  6804 | D:7      | Reached skill level 5 in Long Blades
  6804 | D:7      | Reached skill level 5 in Maces & Flails
  6804 | D:7      | Reached skill level 5 in Polearms
  6804 | D:7      | Reached skill level 5 in Staves
  6804 | D:7      | Reached skill level 5 in Ranged Weapons
  6804 | D:7      | Reached skill level 5 in Throwing
  6804 | D:7      | Reached skill level 5 in Dodging
  6804 | D:7      | Reached skill level 5 in Stealth
  6804 | D:7      | Reached skill level 5 in Unarmed Combat
  6804 | D:7      | Reached skill level 5 in Spellcasting
  6804 | D:7      | Reached skill level 5 in Evocations
  6804 | D:7      | Reached XP level 10. HP: 10/72 MP: 17/17
  7290 | D:8      | Identified the +10 hand axe "Weubiqil" {vamp, rPois}
  7441 | D:8      | Noticed Psyche
  7450 | D:8      | Killed Psyche
  7582 | D:8      | Noticed a two-headed ogre
  7590 | D:8      | Killed a two-headed ogre
  7886 | D:8      | Noticed Erica
  7892 | D:8      | Killed Erica
  8044 | D:8      | Noticed a cyclops
  8048 | D:8      | Killed a cyclops
  8049 | D:8      | Reached skill level 5 in Conjurations
  8049 | D:8      | Reached skill level 5 in Hexes
  8049 | D:8      | Reached skill level 5 in Summonings
  8049 | D:8      | Reached skill level 5 in Necromancy
  8049 | D:8      | Reached skill level 5 in Translocations
  8049 | D:8      | Reached skill level 5 in Transmutations
  8049 | D:8      | Reached skill level 5 in Fire Magic
  8049 | D:8      | Reached skill level 5 in Ice Magic
  8049 | D:8      | Reached skill level 5 in Air Magic
  8049 | D:8      | Reached skill level 5 in Earth Magic
  8049 | D:8      | Reached skill level 5 in Poison Magic
  8049 | D:8      | Reached XP level 11. HP: 80/80 MP: 20/20
  8114 | D:8      | Noticed Maurice
  8122 | D:8      | Killed Maurice
  8466 | D:7      | Killed a two-headed ogre
  8743 | D:7      | Found the +12 pair of quick blades "Gyre" and "Gimble"
                  | {protect}
  8823 | D:9      | Reached *** piety under Hepliaklqana
  9389 | D:9      | Found a staircase to the Lair.
  9390 | D:9      | Noticed a fire dragon
  9521 | D:9      | Found a shimmering altar of Xom.
  9528 | D:9      | Reached **** piety under Hepliaklqana
  9581 | D:10     | Entered Level 10 of the Dungeon
  9736 | D:10     | Found a staircase to the Orcish Mines.
 10133 | D:10     | Found Jumni's Armour Shoppe.
 10136 | D:10     | Bought a +1 pair of gloves of infusion for 247 gold pieces
 10197 | D:10     | Found a snail-covered altar of Cheibriados.
 10421 | D:9      | Killed a fire dragon
 10483 | Lair:1   | Entered Level 1 of the Lair of Beasts
 10872 | Lair:1   | Identified the +9 hand axe of Busac {elec, Int+2}
 11001 | Lair:1   | Reached XP level 12. HP: 78/87 MP: 17/22
 11126 | Lair:1   | Identified the +0 robe of Inquiry {+Blink Fly Str-2}
 11393 | Lair:2   | Found a hole to the Spider Nest.
 11451 | Lair:2   | Reached ***** piety under Hepliaklqana
 11619 | Lair:2   | Reached skill level 10 in Fighting
 11619 | Lair:2   | Reached skill level 10 in Armour
 11619 | Lair:2   | Reached skill level 10 in Shields
 12198 | Lair:2   | Identified the +7 flail "Poups" {flame, Will+ Dex+4}
 12407 | Lair:2   | Noticed a six-headed hydra
 12425 | Lair:2   | Killed a six-headed hydra
 12471 | Lair:2   | Found a staircase to the Shoals.
 12742 | Shoals:1 | Entered Level 1 of the Shoals
 12809 | Lair:3   | Noticed an eight-headed hydra
 12815 | Lair:3   | Killed an eight-headed hydra
 13623 | Lair:4   | Noticed Urug
 13630 | Lair:4   | Killed Urug
 13728 | Lair:4   | Identified the +8 falchion of Understanding {freeze, Str+8
                  | Dex-3}
 13926 | Lair:4   | Reached XP level 13. HP: 93/93 MP: 23/25
 14346 | Lair:4   | Found a staircase to the Slime Pits.
 14346 | Lair:4   | Found a viscous altar of Jiyva.
 14943 | Lair:4   | Noticed Kirke
 15123 | Lair:4   | Killed Kirke
 15416 | Lair:5   | Entered Level 5 of the Lair of Beasts
 15423 | Lair:5   | Got the Meditations on the Twisted Entourage
 15547 | Lair:5   | Reached skill level 10 in Axes
 16247 | Lair:5   | Reached XP level 14. HP: 96/101 MP: 3/27
 16248 | Lair:5   | Reached skill level 10 in Invocations
 17183 | Lair:5   | Reached ****** piety under Hepliaklqana
 18056 | Lair:3   | Reached XP level 15. HP: 108/108 MP: 28/28
 18072 | Lair:3   | Killed by an exploding death yak... ignited by their inner
                  | flame

Illustrated notes

Levels and vault maps discovered:
D:1:      minmay_arrival_glassed_features, layout_loops_corners
D:2:      layout_loops_ring, chequers_ecumenical_altar_simple, uniq_terence
D:3:      layout_loops_corners, small_statue_intersection, uniq_grinder,
          uniq_crazy_yiuf_cottage, uniq_ijyb, uniq_jessica
D:4:      layout_basic, uniq_blork_the_orc
D:5:      layout_rooms, minitemple, minmay_temple_entry_large_hall,
          nrook_mini_vaults
D:6:      hellmonk_crumbling_castle, layout_gridville
D:7:      layout_cave_pools, serial_shops, shop_fountains,
          minmay_misc_feat_tiny, hellmonk_guarded_unrand_gyre_and_gimble,
          uniq_menkaure
D:8:      layout_loops_corners, kennysheep_just_a_vault, uniq_maurice,
          uniq_erica, uniq_psyche
D:9:      layout_small_grid, xom_teletrap_fun, minmay_lair_entry_lava
D:10:     layout_roguey, mainiacjoe_overflow_alcove_2, orc_0_dummy,
          serial_shops, kennysheep_mini_moat
Temple:   corrupted_temple
Lair:1:   layout_big_grid, grunt_megastairs_4
Lair:2:   layout_regular_city, minmay_shoals_entry_hut, spider_nest_entry_a,
          lemuel_fruit_fields, grunt_megastairs_1
Lair:3:   layout_chaotic_city, serial_bayou_shore_b
Lair:4:   layout_roguey, minmay_slime_entry_pillars, uniq_kirke, uniq_urug
Lair:5:   hangedman_lair_tendril_chambers, layout_hall_layers,
          guppyfry_lair_end_dragon
Shoals:1: layout_shoals, uniq_aizul

Skill      XL: |  1  2  3  4  5  6  7  8  9 10 11 12 13 14 |
---------------+-------------------------------------------+-----
Invocations    | 1 2 3 4 5 6 7 8 9 10 | 10.7
Short Blades   | 1 2 3 4 5 6 7 8 9 |  9.8
Long Blades    | 1 2 3 4 5 6 7 8 9 |  9.8
Maces & Flails | 1 2 3 4 5 6 7 8 9 |  9.8
Polearms       | 1 2 3 4 5 6 7 8 9 |  9.8
Staves         | 1 2 3 4 5 6 7 8 9 |  9.8
Ranged Weapons | 1 2 3 4 5 6 7 8 9 |  9.8
Throwing       | 1 2 3 4 5 6 7 8 9 |  9.8
Dodging        | 1 2 3 4 5 6 7 8 9 |  9.8
Stealth        | 1 2 3 4 5 6 7 8 9 |  9.8
Unarmed Combat | 1 2 3 4 5 6 7 8 9 |  9.8
Spellcasting   | 1 2 3 4 5 6 7 8 9 |  9.8
Evocations     | 1 2 3 4 5 6 7 8 9 |  9.8
Conjurations   | 1 2 3 4 5 6 7 8 |  8.2
Hexes          | 1 2 3 4 5 6 7 8 |  8.2
Summonings     | 1 2 3 4 5 6 7 8 |  8.2
Necromancy     | 1 2 3 4 5 6 7 8 |  8.2
Translocations | 1 2 3 4 5 6 7 8 |  8.2
Transmutations | 1 2 3 4 5 6 7 8 |  8.2
Fire Magic     | 1 2 3 4 5 6 7 8 |  8.2
Ice Magic      | 1 2 3 4 5 6 7 8 |  8.2
Air Magic      | 1 2 3 4 5 6 7 8 |  8.2
Earth Magic    | 1 2 3 4 5 6 7 8 |  8.2
Poison Magic   | 1 2 3 4 5 6 7 8 |  8.2
Axes           | 5 6 7 8 9 10 | 10.9
Fighting       | 7 8 9 10 11 | 11.8
Armour         | 7 8 9 10 11 | 11.8
Shields        | 7 8 9 10 11 | 11.8

Action                   |  1- 3 |  4- 6 |  7- 9 | 10-12 | 13-15 || total
-------------------------+-------+-------+-------+-------+-------++-------
Melee: Dagger            |    56 |   130 |   253 |     1 |       ||   440
       War axe           |     4 |       |       |       |       ||     4
       Bite              |     6 |    18 |    31 |    48 |    79 ||   182
       Hand axe          |       |       |       |    70 |       ||    70
       Pair of quick bla |       |       |       |   253 |   380 ||   633
Throw: Throwing net      |       |       |     1 |     1 |       ||     2
Invok: Ancestor Life: Ba |       |       |     1 |       |       ||     1
Evoke: Wand              |       |       |       |     4 |       ||     4
  Use: Potion            |       |       |     1 |       |     1 ||     2
       Scroll            |       |       |       |       |    25 ||    25
 Stab: Distracted        |       |       |     2 |     5 |     8 ||    15
       Sleeping          |       |       |       |     8 |     3 ||    11
Armor: Scale mail        |    25 |    53 |    70 |       |       ||   148
       Steam dragon scal |       |       |    15 |    30 |       ||    45
       Troll leather arm |       |       |       |    56 |    66 ||   122
Dodge: Dodged            |    26 |    52 |    86 |   138 |    92 ||   394
Block: Buckler           |    12 |    24 |    56 |    24 |       ||   116
